 Dungeon Crawl Stone Soup version 0.32-a0-886-g41c5271027 (webtiles) character file.

Game seed: 3721310019504545807

11 mopl the Covered (level 2, -3/27 HPs)
             Began as a Minotaur Fighter on Apr 2, 2024.
             Engulfed by a cloud of flame (14 damage)
             ... on level 1 of the Dungeon.
             The game lasted 00:00:46 (238 turns).

mopl the Covered (Minotaur Fighter)                  Turns: 238, Time: 00:00:47

Health: -3/27      AC:  8    Str: 20    XL:     2   Next: 13%
Magic:  1/1        EV:  8    Int:  5    God:
Gold:   67         SH:  4    Dex:  9    Spells: 1/1 levels left

rFire   . . .        a - +0 flail
rCold   . . .        c - +0 buckler
rNeg    . . .        b - +0 scale mail
rPois   .            (helmet restricted)
rElec   .            (no cloak)
rCorr   .            (no gloves)
SInv    .            e - +0 pair of boots
Will    .....        (no amulet) Stlth
                     (no ring)
HPRegen 0.24/turn    (no ring)
MPRegen 0.07/turn

%: no passive effects
@: no status effects
A: horns 2, retaliatory headbutt
a: no special abilities


You were on level 1 of the Dungeon.
You visited 1 branch of the dungeon, and saw 2 of its levels.

You collected 67 gold pieces.

Inventory:

Hand Weapons
 a - a +0 flail (weapon)
Armour
 b - a +0 scale mail (worn)
 c - a +0 buckler (worn)
 e - a +0 pair of boots (worn)
Scrolls
 f - 2 scrolls of identify {unknown}
Potions
 d - a potion of might
 g - a potion of curing {unknown}
 h - a potion of enlightenment {unknown}


   Skills:
 + Level 3.8 Fighting
 * Level 2.9 Maces & Flails
 + Level 3.8 Armour
 + Level 0.6 Dodging
 - Level 3.6 Shields


You had one spell level left.
You didn't know any spells.
Your spell library contained the following spells:

 Spells                   Type           Power      Damage    Failure   Level
 Apportation              Tloc           0%         N/A       88%         1
 Necrotise                Necr           0%         1d4       88%         1
 Sting                    Conj/Alch      0%         1d3       88%         1
 Summon Small Mammal      Summ           0%         N/A       88%         1
 Call Imp                 Summ           0%         N/A       95%         2
 Sublimation of Blood     Necr           0%         N/A       95%         2
 Summon Hydra             Summ           0%         N/A       100%        7


Dungeon Overview and Level Annotations

Branches:
Dungeon (2/15)

Altars:


Innate Abilities, Weirdness & Mutations

You have a pair of horns on your head.
You reflexively headbutt those who attack you in melee.


Message History

You now have 54 gold pieces (gained 12).
A bat comes into view.
Found a stone staircase leading down.
A bat is nearby!
You block the bat's attack.
You closely miss the bat. The bat hits you but does no damage. x2
No target in view!
No target in view!
No target in view!
No target in view!
No target in view!
No target in view!
No target in view!
No target in view!
No target in view!
No target in view!
A bat is nearby!
A bat is nearby!
A bat is nearby!
The bat hits you but does no damage.
You hit the bat.
The bat is severely wounded.
The bat hits you but does no damage. The bat barely misses you.
No target in view!
You see here 13 gold pieces.
A bat is nearby!
A bat is nearby!
A bat is nearby!
You sock the bat!
You kill the bat!
No target in view!
You now have 67 gold pieces (gained 13).
There is a stone staircase leading down here.
Found a flail.
Found a club.
You are engulfed in blazing flames.
Ouch! That really hurt!
You are engulfed in blazing flames.
Ouch! That really hurt!
You die...

.............#########
....########.........#
....# #...#####.#
....# #..○# #.# ....#
#.§☼# #.# ....# #§§.#
#.# ....#
###...#####.# ....#
...?...§§§..# ####
§§...(.@§§..# ..#
§...!).☼☼○.## #..
###...###### # # ..
#§☼§ # ... #§§ ###.#
#§. #... #. #.##### ##
.......


There were no monsters in sight!

Vanquished Creatures
  2 ball pythons (D:1)
  3 bats (D:1)
  An endoplasm (D:1)
  A goblin (D:1)
  A kobold (D:1)
  A quokka (D:1)
9 creatures vanquished.

Notes
Turn   | Place    | Note
-------+----------+-------------------------------------------
     0 | D:1      | mopl the Minotaur Fighter began the quest for the Orb.
     0 | D:1      | Reached XP level 1. HP: 19/19 MP: 0/0
    57 | D:1      | You fall into a shaft and drop 1 floor!
   151 | D:1      | Reached XP level 2. HP: 27/27 MP: 1/1
   238 | D:1      | Engulfed by a cloud of flame

Illustrated notes

Levels and vault maps discovered:
D:1:      tarquinn_simple_flora_water_b, layout_rooms, lemuel_flame_loot_1
D:2:      minmay_chambers_of_twos, layout_basic

Action                     || total
---------------------------++-------
  Melee: Flail             ||    24
         Headbutt          ||     5
 Armour: Scale mail        ||    30
  Dodge: Dodged            ||     7
  Block: Buckler           ||     5

Table legend: (Time is in decaauts)
 A = Elapsed time spent in this place.
 B = Non-inter-level travel time spent in this place.
 C = Inter-level travel time spent in this place.
 D = Time resting spent in this place.
 E = Time spent auto-exploring this place.
 F = Levels seen in this place.
 G = Mean time per level.
                   A        B        C        D        E       F      G
               +--------+--------+--------+--------+--------+-----+--------+
         Total |    244 |    244 |      0 |      0 |    149 |   2 |  122.0 |
       Dungeon |    244 |    244 |      0 |      0 |    149 |   2 |  122.0 |
               +--------+--------+--------+--------+--------+-----+--------+

Top non-repeatable levels by time:
     D:1: 206 daAuts
     D:2: 38 daAuts
